 Dungeon Crawl Stone Soup version 0.29.1-15-g9cfb28693d (webtiles) character file.

Game seed: 1140524848920603658

375 MacCMillion the Slasher (level 6, -15/50 HPs)
             Began as a Demigod Fighter on Apr 4, 2023.
             Demolished by an ogre
             ... wielding a +0 giant spiked club
              (17 damage)
             ... on level 4 of the Dungeon.
             The game lasted 00:03:59 (4444 turns).

MacCMillion the Slasher (Demigod Fighter)           Turns: 4444, Time: 00:04:00

Health: -15/50     AC:  6    Str: 17    XL:     6   Next: 20%
Magic:  8/8        EV:  9    Int: 10    God:
Gold:   158        SH:  6    Dex: 21    Spells: 5/5 levels left

rFire   + . .      SeeInvis .   a - +0 long sword
rCold   . . .      Faith    .   c - +0 buckler
rNeg    . . .      Spirit   .   b - +0 scale mail
rPois   .          Reflect  .   (no helmet)
rElec   .          Harm     .   (no cloak)
rCorr   .          Rampage  .   (no gloves)
Will    .....                   (no boots)
Stlth   ..........              (no amulet)
HPRegen 0.16/turn               q - ring of protection from fire
MPRegen 0.11/turn               (no ring)

@: no status effects
A: high MP 1, forlorn, divine attributes
a: no special abilities


You were on level 4 of the Dungeon.
You visited 1 branch of the dungeon, and saw 4 of its levels.

You collected 158 gold pieces.

Inventory:

Hand Weapons
 a - a +0 long sword (weapon)
Armour
 b - a +0 scale mail (worn)
 c - a +0 buckler (worn)
Jewellery
 q - a ring of protection from fire (left hand)
Wands
 t - a wand of polymorph (6)
Scrolls
 d - 2 scrolls of blinking {unknown}
 h - 2 scrolls of enchant armour {unknown}
 i - 3 scrolls of identify {unknown}
 k - a scroll of teleportation {unknown}
 m - a scroll of poison {unknown}
 p - a scroll of immolation {unknown}
 r - a scroll of noise {unknown}
 u - a scroll of enchant weapon {unknown}
Potions
 e - a potion of degeneration {unknown}
 f - 2 potions of flight {unknown}
 g - a potion of ambrosia {unknown}
 j - 2 potions of berserk rage {unknown}
 l - a potion of brilliance {unknown}
 n - a potion of mutation {unknown}
 o - a potion of resistance {unknown}
 s - a potion of invisibility {unknown}


   Skills:
 - Level 2.6 Fighting
 + Level 5.6 Long Blades
 - Level 2.6 Armour
 - Level 4.0 Shields


You had 5 spell levels left.
You didn't know any spells.
Your spell library contained the following spells:

 Spells                   Type           Power      Damage    Failure   Level
 Apportation              Tloc           0%         N/A       86%         1
 Magic Dart               Conj           0%         1d3       86%         1
 Call Imp                 Summ           0%         N/A       94%         2
 Ensorcelled Hibernation  Hex/Ice        0%         N/A       94%         2
 Poisonous Vapours        Pois/Air       0%         N/A       94%         2
 Mephitic Cloud           Conj/Pois/Air  0%         N/A       99%         3
 Spider Form              Tmut/Pois      0%         N/A       99%         3
 Anguish                  Hex/Necr       0%         N/A       100%        4
 Corpse Rot               Necr/Pois/Air  0%         N/A       100%        4
 Alistair's Intoxication  Tmut/Pois      0%         N/A       100%        5


Dungeon Overview and Level Annotations

Branches:
Dungeon (4/15)
 Temple: D:4-7


Innate Abilities, Weirdness & Mutations

You have an increased reservoir of magic. (+10% MP)
You shall have no god before yourself.
Your divine heritage dramatically boosts your attributes as you level up.


Message History

a +2 whip of freezing; an orc corpse; a giant cockroach corpse An ogre comes into view.
It is wielding a +0 giant spiked club.
The ogre shouts!
An iguana comes into view.
There are monsters nearby!
A ball python comes into view.
Things that are here:
a +2 whip of freezing; an orc corpse; a giant cockroach corpse You throw a poisoned dart.
The poisoned dart hits the ogre.
The ogre is poisoned.
No target in view!
There is an open door here.
You throw a poisoned dart. The poisoned dart hits the ogre.
The ogre is lightly wounded.
Things that are here:
a +0 hand axe; a +0 flail; a +0 leather armour
Things that are here:
a +0 dagger; a +0 robe You barely miss the ogre.
The ogre is lightly wounded.
The ogre hits you with a +0 giant spiked club!
You hit the ogre.
The ogre is lightly wounded.
The ogre closely misses you.
You hit the ogre but do no damage.
The ogre is lightly wounded.
The ogre hits you with a +0 giant spiked club!!
You hit the ogre but do no damage.
The ogre is lightly wounded.
You slash the ogre!
The ogre is moderately wounded.
The ogre hits you with a +0 giant spiked club!
* * * LOW HITPOINT WARNING * * *
You barely miss the ogre.
The ogre is moderately wounded.
The ogre closely misses you.
You slash the ogre!
The ogre is almost dead.
The ogre hits you with a +0 giant spiked club!
You die...

####### ########.....###########
## #......................# .#
#......................# .#
#........##............#
.######........##............####
.(....'........O@................
.######........##[.[.............
.# #........##................ .#
#......####................ .#
#......# #................
#######......############........
......'.............#####........
#######......#####...............
#......# #........##.....


You could see an ogre.

Vanquished Creatures
  Sigmund (D:2)
  An iguana (D:4)
  An orc wizard (D:4)
  4 gnolls
  6 adders
  4 dart slugs
  4 orcs
  4 ball pythons
  5 endoplasms (D:1)
  2 giant cockroaches
  3 goblins
  4 hobgoblins
  3 jackals (D:1)
  6 kobolds
  2 quokkas (D:1)
  6 bats
  2 frilled lizards
  5 rats
63 creatures vanquished.

Notes
Turn   | Place    | Note
-------+----------+-------------------------------------------
     0 | D:1      | MacCMillion the Demigod Fighter began the quest for the
                  | Orb.
     0 | D:1      | Reached XP level 1. HP: 18/18 MP: 3/3
    59 | D:1      | Reached skill level 2 in Long Blades
   298 | D:1      | Reached XP level 2. HP: 23/25 MP: 4/4
  1189 | D:1      | Reached XP level 3. HP: 30/30 MP: 5/5
  1504 | D:2      | Noticed Sigmund
  1516 | D:2      | Killed Sigmund
  1517 | D:2      | Reached skill level 4 in Long Blades
  1517 | D:2      | Reached XP level 4. HP: 16/37 MP: 6/6
  1517 | D:2      | Reached XP level 5. HP: 18/42 MP: 7/7
  1994 | D:2      | Identified the +5 whip of Grace {venom, rElec rC+ Int-4}
  2686 | D:3      | Reached skill level 5 in Long Blades
  3378 | D:4      | Reached XP level 6. HP: 23/50 MP: 8/8
  4442 | D:4      | HP: 2/50 [ogre/+0 giant spiked club (17)]
  4444 | D:4      | Demolished by an ogre

Illustrated notes

Levels and vault maps discovered:
D:1:      saegor_arrival_simple_d, layout_basic,
          hellmonk_ecumenical_altar_leap_of_faith
D:2:      layout_loops_ring, uniq_sigmund
D:3:      layout_basic
D:4:      layout_basic, mainiacjoe_overflow_large_starburst,
          nicolae_elyvilon_temple_path, minmay_temple_entry_poolview,
          minmay_fractal_squares_diagonal_5

Skill      XL: |  1  2  3  4  5 |
---------------+----------------+-----
Long Blades    | 2 4 5 |  5.6
Shields        | 3 4 |  4.0
Fighting       | |  2.6
Armour         | |  2.6

Action                   |  1- 3 |  4- 6 || total
-------------------------+-------+-------++-------
Melee: Long sword        |   103 |   128 ||   231
Throw: Dart              |       |     2 ||     2
  Use: Potion            |     1 |       ||     1
Armor: Scale mail        |    54 |    43 ||    97
Dodge: Dodged            |    47 |    48 ||    95
Block: Buckler           |    23 |    26 ||    49
